 Seeded DCSS version 0.28.0-62-gf88900778d (webtiles) character file.

Game seed: 7354764476538282622 (custom seed)

27 cbfl8 the Slasher (level 2, 0/40 HPs)
             Began as a Minotaur Berserker on June 29, 2023.
             Was a Follower of Trog.
             Succumbed to a goblin's poison
             ... on level 2 of the Dungeon.
             The game lasted 00:01:11 (912 turns).

cbfl8 the Slasher (Minotaur Berserker)               Turns: 912, Time: 00:01:11

Health: 0/40       AC:  6    Str: 21    XL:     2   Next: 93%
Magic:  1/1        EV: 10    Int:  4    God:    Trog [*.....]
Gold:   0          SH:  0    Dex:  9    Spells: 1/1 levels left

rFire   . . .      SeeInvis .   a - +0 falchion
rCold   . . .      Faith    .   (no shield)
rNeg    . . .      Spirit   .   d - +0 scale mail
rPois   .          Reflect  .   (helmet restricted)
rElec   .          Harm     .   (no cloak)
rCorr   .          Rampage  .   (no gloves)
Will    .....                   (no boots)
Stlth   ..........              (no amulet)
HPRegen 0.13/turn               (no ring)
MPRegen 0.07/turn               (no ring)

@: brilliant, berserking, lethally poisoned (0 -> -2), about to teleport,
weak-willed, very quick
A: horns 2, retaliatory headbutt
a: Renounce Religion, Berserk


You were on level 2 of the Dungeon.
You worshipped Trog.
Trog was aware of your devotion.
You visited 1 branch of the dungeon, and saw 2 of its levels.

Inventory:

Hand Weapons
 a - a +0 falchion (weapon)
Armour
 d - a +0 scale mail (worn)


   Skills:
 + Level 3.9 Fighting
 + Level 4.3 Long Blades
 + Level 2.4 Armour
 + Level 2.3 Dodging
 * Level 1.0 Evocations


You had one spell level left.
You didn't know any spells.
Your spell library was empty.

Dungeon Overview and Level Annotations

Branches:
Dungeon (2/15)

Altars:


Innate Abilities, Weirdness & Mutations

You have a pair of horns on your head.
You reflexively headbutt those who attack you in melee.


Message History

You are lethally poisoned!
You miss the goblin.
You feel very sick. The goblin closely misses you. You furiously retaliate!
You headbutt the goblin!
You kill the goblin!
Trog accepts your kill.
You are too injured to fight recklessly!
There is a lethal amount of poison in your body!
There is a lethal amount of poison in your body!
You aren't carrying any potions.
Okay, then.
You feel very sick.
* * * LOW HITPOINT WARNING * * *
You feel very sick.
* * * LOW HITPOINT WARNING * * *
You feel sick.
* * * LOW HITPOINT WARNING * * *
You feel sick.
* * * LOW HITPOINT WARNING * * *
You feel sick.
You see here a scroll labelled SEAROI LYOTT.
There is a lethal amount of poison in your body!
There is a lethal amount of poison in your body!
b - a scroll labelled SEAROI LYOTT
* * * LOW HITPOINT WARNING * * *
You feel sick.
As you read the scroll labelled SEAROI LYOTT, it crumbles to dust.
You feel strangely unstable.
It was a scroll of teleportation.
* * * LOW HITPOINT WARNING * * *
You feel sick.
Unknown command.
* * * LOW HITPOINT WARNING * * *
You feel sick.
You aren't carrying any potions.
Unknown command.
Okay, then.
A red film seems to cover your vision as you go berserk!
You feel yourself moving faster!
You feel mighty!
You die...

#..# #..#
#..## #<)#
###.#######
#$........#
#....)....#
#...).....#
#@........#
#.........#
#.........#
#(........#
........[.#
.###########


There were no monsters in sight!

Vanquished Creatures
  2 dart slugs (D:1)
  An endoplasm (D:2)
  2 giant cockroaches (D:1)
  A goblin (D:2)
  2 hobgoblins (D:1)
  2 kobolds (D:2)
  3 quokkas (D:1)
  2 bats (D:1)
  3 frilled lizards (D:1)
  3 rats (D:1)
21 creatures vanquished.

Notes
Turn   | Place    | Note
-------+----------+-------------------------------------------
     0 | D:1      | cbfl8 the Minotaur Berserker began the quest for the Orb.
     0 | D:1      | Reached XP level 1. HP: 19/19 MP: 0/0
   245 | D:1      | Reached skill level 4 in Long Blades
   306 | D:1      | Reached XP level 2. HP: 23/27 MP: 1/1
   379 | D:1      | Found a faded altar of an unknown god.
   899 | D:2      | Reached skill level 1 in Evocations
   911 | D:2      | HP: 1/27 [poisoned by a goblin]
   912 | D:2      | Succumbed to a goblin's poison

Illustrated notes

Levels and vault maps discovered:
D:1:      scummos_arrival_gate, layout_basic,
          dreamdust_ecumenical_altar_hidden_monk_grotto
D:2:      minmay_diamond_boxcup, layout_rooms, minmay_between

Skill      XL: |  1  2 |
---------------+-------+-----
Long Blades    | 4 |  4.3
Evocations     | 1 |  1.0
Fighting       | |  3.9
Armour         | |  2.4
Dodging        | |  2.3

Action                   || total
-------------------------++-------
Melee: Falchion          ||    54
       Headbutt          ||     7
       Punch             ||     1
Invok: Berserk           ||     1
  Use: Scroll            ||     3
       Potion            ||     1
Armor: Animal skin       ||     6
       Scale mail        ||    13
Dodge: Dodged            ||    30
